 Dungeon Sprint DCSS version 0.30.1-9-gdf580d7c3d (webtiles) character file.

Game seed: 12859168704091474245

1401 Heoruswealwe the Impaler (level 8, 0/83 HPs)
             Began as a Minotaur Fighter on Oct 5, 2023.
             Was an Initiate of Gozag.
             Slain by a sixfirhy (9 damage)
             ... summoned by a kobold demonologist
             ... in the Dungeon (Sprint IX: "|||||||||||||||||||||||||||||").
             The game lasted 00:04:48 (182 turns).

Heoruswealwe the Impaler (Minotaur Fighter)          Turns: 182, Time: 00:04:48

Health: 0/83       AC: 16    Str: 26    XL:     8   Next: 41%
Magic:  7/7        EV:  9    Int:  5    God:    Gozag
Gold:   0          SH:  0    Dex: 10    Spells: 7/7 levels left

rFire   . . .        b - +2 halberd (venom)
rCold   . . .        (shield currently unavailable)
rNeg    . . .        c - +1 chain mail
rPois   .            (helmet restricted)
rElec   .            h - +0 cloak
rCorr   .            (no gloves)
SInv    .            e - +0 pair of boots
Will    .....        (no amulet) Stlth
                     k - +3 ring of strength
HPRegen 0.33/turn    (no ring)
MPRegen 0.10/turn

%: no teleportation
@: gold aura
A: horns 2, retaliatory headbutt
a: Renounce Religion, Potion Petition, Call Merchant, Bribe Branch


You were in the Dungeon.
You worshipped Gozag.
Gozag was noncommittal.
You visited 1 branch

Inventory:

Hand Weapons
 a - a +0 trident
 b - a +2 halberd of venom (weapon)
 l - the +10 zealot's sword {holy, Zealotry, *Rage rN+ EV+3}
   (You found it in the Dungeon)

   Zealotry:  Whenever the wielder enters a berserk rage, their allies are
   berserked alongside them.
   EV:        It affects your evasion (+3).
   rN:        It protects you from negative energy.
   *Rage:     It berserks you when you make melee attacks (+20% chance).
Armour
 c - a +1 chain mail (worn)
 d - a +0 buckler
 e - a +0 pair of boots (worn)
 h - a +0 cloak (worn)
Jewellery
 k - a +3 ring of strength (left hand)
Wands
 m - a wand of iceblast (10)
Scrolls
 j - 2 scrolls of blinking
Potions
 g - a potion of haste
 i - a potion of berserk rage
 n - 5 potions of curing
 o - a potion of might


   Skills:
 + Level 11.8 Fighting
 * Level 15.7 Polearms
 + Level 11.8 Armour
 - Level 3.6 Shields


You had 7 spell levels left.
You didn't know any spells.
Your spell library was empty.

Dungeon Overview and Level Annotations

Branches:
Dungeon (1/1)

Altars:
Cheibriados
Dithmenos
Elyvilon
Fedhas
Gozag
Hepliaklqana
Kikubaaqudgha
Makhleb
Nemelex Xobeh
Okawaru
Qazlal
Ru
Sif Muna
Trog
Uskayaw
Vehumet
Wu Jian
Xom
Yredelemnul
Zin
The Shining One
Jiyva
Lugonu


Innate Abilities, Weirdness & Mutations

You have a pair of horns on your head.
You reflexively headbutt those who attack you in melee.


Message History

The sixfirhy hits you.
* * * LOW HITPOINT WARNING * * *
The sixfirhy shocks you!
* * * LOW HITPOINT WARNING * * *
You barely miss the sixfirhy.
The sixfirhy is moderately wounded.
The sixfirhy hits you but does no damage.
You slash the sixfirhy!
The sixfirhy looks as sick as possible!
Your headbutt misses the sixfirhy.
The sixfirhy is heavily wounded.
You barely miss the sixfirhy.
The sixfirhy is heavily wounded.
You barely miss the sixfirhy.
The sixfirhy is heavily wounded.
The sixfirhy hits you but does no damage.
You miss the sixfirhy.
The sixfirhy is heavily wounded.
The sixfirhy barely misses you.
The sixfirhy hits you but does no damage.
The crimson imp blinks!
The sixfirhy closely misses you.
You barely miss the sixfirhy.
The sixfirhy is heavily wounded.
The sixfirhy hits you but does no damage. x2
The sixfirhy closely misses you.
You miss the sixfirhy.
The sixfirhy is heavily wounded.
The sixfirhy hits you but does no damage.
The crimson imp shouts, "Run away, thou reeling-ripe rump-fed joithead!"
The crimson imp hits you but does no damage.
You barely miss the sixfirhy. Your headbutt misses the sixfirhy.
The sixfirhy is heavily wounded.
The crimson imp hits you but does no damage.
You barely miss the sixfirhy.
The sixfirhy is heavily wounded.
The crimson imp closely misses you.
You closely miss the sixfirhy.
The sixfirhy is severely wounded.
The sixfirhy hits you!
You die...
Your body crumbles into a pile of gold. ▓▓▓▓▓▓▓▓▓▓▓▓▓▓▓▓▓▓▓▓▓▓▓ +...K3@5....=[)?!'_____ ▓▓▓▓▓▓▓▓▓▓▓▓▓▓▓▓▓▓▓▓▓▓▓ $ $ $ $$$$$ $ $ $ $$$$$ $$$$

You could see a kobold demonologist, a sixfirhy (summoned, very poisoned) and a crimson imp (summoned).

Vanquished Creatures
  A two-headed ogre (D)
  A kobold demonologist (D)
  A hornet (D)
  A vampire mosquito (D)
  2 ogres (D)
  A hound (D)
  An orc wizard (D)
  An adder (D)
  A dart slug (D)
  A hobgoblin (D)
  A kobold (D)
  A quokka (D)
  2 rats (D)
15 creatures vanquished.

Notes
Turn   | Place    | Note
-------+----------+-------------------------------------------
     0 | D        | Heoruswealwe the Minotaur Fighter began the quest for the
                  | Orb.
     0 | D        | Reached XP level 1. HP: 19/19 MP: 0/0
     6 | D        | Reached skill level 3 in Polearms
    17 | D        | Noticed an ogre
    17 | D        | Noticed a hound
    17 | D        | Noticed an ogre
    21 | D        | Reached skill level 4 in Polearms
    21 | D        | Reached XP level 2. HP: 28/28 MP: 1/1
    26 | D        | Killed an ogre
    27 | D        | Reached skill level 7 in Polearms
    27 | D        | Reached XP level 3. HP: 37/37 MP: 2/2
    27 | D        | Reached XP level 4. HP: 44/44 MP: 3/3
    30 | D        | Reached skill level 8 in Polearms
    35 | D        | Killed an ogre
    36 | D        | Reached skill level 10 in Polearms
    36 | D        | Reached XP level 5. HP: 23/53 MP: 4/4
    42 | D        | Found a snail-covered altar of Cheibriados.
    42 | D        | Found a shadowy altar of Dithmenos.
    42 | D        | Found a white marble altar of Elyvilon.
    42 | D        | Found a blossoming altar of Fedhas.
    42 | D        | Found an opulent altar of Gozag.
    43 | D        | Found a hazy altar of Hepliaklqana.
    44 | D        | Found a viscous altar of Jiyva.
    45 | D        | Found an ancient bone altar of Kikubaaqudgha.
    46 | D        | Found a corrupted altar of Lugonu.
    47 | D        | Found a burning altar of Makhleb.
    48 | D        | Found a sparkling altar of Nemelex Xobeh.
    49 | D        | Found an iron altar of Okawaru.
    50 | D        | Became a worshipper of Gozag Ym Sagoz the Greedy
    51 | D        | Found a stormy altar of Qazlal.
    52 | D        | Found a sacrificial altar of Ru.
    53 | D        | Found a shimmering blue altar of Sif Muna.
    54 | D        | Found a bloodstained altar of Trog.
    55 | D        | Found a hide-covered altar of Uskayaw.
    56 | D        | Found a radiant altar of Vehumet.
    57 | D        | Found an ornate altar of the Wu Jian Council.
    58 | D        | Found a shimmering altar of Xom.
    59 | D        | Found a basalt altar of Yredelemnul.
    60 | D        | Found a glowing silver altar of Zin.
    61 | D        | Found a glowing golden altar of the Shining One.
    69 | D        | Found the +10 zealot's sword {holy, Zealotry, *Rage rN+
                  | EV+3}
   141 | D        | Noticed a kobold demonologist
   141 | D        | Noticed a kobold demonologist
   141 | D        | Noticed a vampire mosquito
   141 | D        | Noticed a two-headed ogre
   141 | D        | Noticed a hornet
   143 | D        | Paralysed by a hornet for 2 turns
   145 | D        | Killed a hornet
   146 | D        | Reached skill level 12 in Polearms
   146 | D        | Reached XP level 6. HP: 29/63 MP: 5/5
   151 | D        | Killed a two-headed ogre
   152 | D        | Reached skill level 14 in Polearms
   152 | D        | Reached XP level 7. HP: 27/74 MP: 6/6
   152 | D        | Reached XP level 8. HP: 30/82 MP: 7/7
   157 | D        | Reached skill level 15 in Polearms
   161 | D        | Noticed a sixfirhy
   170 | D        | Killed a kobold demonologist
   182 | D        | Slain by a sixfirhy

Illustrated notes

Levels and vault maps discovered:
D:        linesprint [early_d, line_temple, items_1, d_10, items_2, lair_1,
          lair_end, items_3, orc_1, orc_end, items_4, d_15, swamp_1, shoals_1,
          snake_1, spider_1, d_20, vaults_1, items_5, swamp_end, shoals_end,
          snake_end, spider_end, vaults_end, d_27, items_6, zot_1, zot_end,
          crypt_end, forest_end, elf_end, slime_end, tomb_end, abyss_end,
          pan_hell_end]

Skill      XL: |  1  2  3  4  5  6  7  8 |
---------------+-------------------------+-----
Polearms       | 4 7 10 12 14 15 | 15.7
Fighting       | 4 6 7 9 11 | 11.8
Armour         | 4 6 7 9 11 | 11.8
Shields        | |  3.6

Action                     |  1- 3 |  4- 6 |  7- 9 || total
---------------------------+-------+-------+-------++-------
  Melee: Trident           |    14 |     9 |       ||    23
         Headbutt          |     2 |     1 |       ||     3
         Halberd           |       |     8 |    28 ||    36
    Use: Potion            |     1 |     1 |     1 ||     3
 Armour: Scale mail        |     2 |     1 |       ||     3
         Chain mail        |       |     3 |    18 ||    21
  Dodge: Dodged            |     2 |     5 |     8 ||    15
  Block: Buckler           |     4 |     1 |       ||     5
